 Dungeon Crawl Stone Soup version 0.19.5 (webtiles) character file.

1873 Lizzreth the Carver (level 8, -4/58 HPs)
             Began as a Demonspawn Fighter on Mar 14, 2017.
             Was a Believer of Yredelemnul.
             Slain by a gnoll
             ... wielding a +0 spear
              (6 damage)
             ... on level 6 of the Dungeon.
             The game lasted 00:26:07 (5550 turns).

Lizzreth the Carver (Demonspawn Fighter)            Turns: 5550, Time: 00:26:08

Health: -4/58      AC: 19    Str: 26    XL:     8   Next: 91%
Magic:  8/8        EV:  8    Int:  9    God:    Yredelemnul [**....]
Gold:   385        SH:  2    Dex: 17    Spells: 0 memorised, 7 levels left

rFire  . . .     SeeInvis .     s - +0 falchion
rCold  . . .     Gourm    .     x - +6 chain mail "Yxzuxkia" {Str+4 Stlth+}
rNeg   + . .     Faith    .     (no shield)
rPois  .         Spirit   .     (helmet restricted)
rElec  .         Reflect  +     m - +2 cloak
rCorr  .         Harm     .     B - +0 pair of gloves
MR     .....                    (no boots)
Stlth  ..........               l - +2 amulet of reflection
                                e - +2 ring of dexterity
                                o - ring of positive energy

@: mighty
A: claws 2, hooves 1, horns 1, powered by pain 1, rot immunity
a: Animate Remains, Recall Undead Slaves, Injury Mirror, Renounce Religion


You were on level 6 of the Dungeon.
You worshipped Yredelemnul.
Yredelemnul was pleased with you.
You were not hungry.

You visited 1 branch of the dungeon, and saw 6 of its levels.

You collected 385 gold pieces.

Inventory:

Hand Weapons
 a - a +0 long sword
 s - a +0 falchion (weapon)
Armour
 b - a +0 scale mail
 c - a +0 shield
 m - a +2 cloak (worn)
 x - the +6 chain mail "Yxzuxkia" (worn) {Str+4 Stlth+}
   (You found it on level 5 of the Dungeon)

   It affects your strength (+4).
   It makes you more stealthy.
 B - a +0 pair of gloves (worn)
Jewellery
 e - a +2 ring of dexterity (right hand)
 h - an uncursed ring of fire
 l - a +2 amulet of reflection (around neck)
 n - an uncursed ring of resist corrosion
 o - a ring of positive energy (left hand)
 t - an uncursed ring of wizardry
Wands
 p - a wand of slowing (23/48)
 q - a wand of paralysis (24/24)
 E - a wand of disintegration (12/24)
Scrolls
 g - 3 scrolls of remove curse
 j - 7 scrolls of identify
 u - 2 scrolls of teleportation
 w - 2 scrolls of amnesia
 y - a scroll of enchant armour
 z - 2 scrolls of holy word
 C - a scroll of enchant weapon {unknown}
 F - a scroll of immolation {unknown}
Potions
 d - 2 potions of might
 k - a potion of heal wounds
 A - a potion of agility {unknown}
Comestibles
 f - 5 bread rations
 i - a beef jerky
 r - 8 fruits
 v - 2 meat rations
 D - 3 chunks of flesh


   Skills:
 - Level 3.0 Fighting
 + Level 10.6 Long Blades
 - Level 2.7 Armour
 - Level 2.6 Shields


You had 7 spell levels left.
You didn't know any spells.

Dungeon Overview and Level Annotations

Branches:
Dungeon (6/15)             Temple (0/1) D:4

Altars:
Fedhas
Kikubaaqudgha
Okawaru
Yredelemnul

Shops:
D:5 }


Innate Abilities, Weirdness & Mutations

You have very sharp fingernails.
You have large cloven feet.
You have a pair of small horns on your head.
You sometimes gain a little power by taking damage.
You are immune to rotting.


Message History

The orc warrior hits you with a dire flail of holy wrath.
You convulse.
The gnoll hits you but does no damage.
You closely miss the orc warrior. Your kick misses the orc warrior.
The orc warrior is moderately wounded.
The orc warrior completely misses you.
Your chain mail "Yxzuxkia" prevents you from hitting the orc warrior.
Your kick misses the orc warrior.
The orc warrior is moderately wounded.
The gnoll hits you but does no damage.
You hit the orc warrior. Your headbutt misses the orc warrior.
The orc warrior is moderately wounded.
The orc warrior hits you with a dire flail of holy wrath!!
* * * LOW HITPOINT WARNING * * *
You focus on the pain.
You feel very mighty all of a sudden.
You convulse!
* * * LOW HITPOINT WARNING * * *
The gnoll hits you from afar with a spear.
You die...
Your body rises from the dead as a mindless zombie.

#.#..#........#
#....
#...###.......#
#.... ##..##
##......#
#....##..## #....
#.....#.## #...
##.....#..## #....
.......##..## #...#
.......###..###...#
#.....@oo...#....#
##.#####g.#.....#
##..######
###..#### #.......#
#.........#
#...........#
#...........#
#...........#


You could see an orc warrior, a gnoll and an orc.

Vanquished Creatures
  The ghost of Lizzreth the Carver, a novice MiGl of Okawaru (D:6)
  A human (D:3)
  An ice beast (D:6)
  An orc warrior (D:6)
  2 centaurs
  An ogre (D:6)
  A big kobold (D:5)
  A scorpion (D:4)
  A howler monkey (D:6)
  A crimson imp (D:5)
  A hound (D:4)
  A jelly (D:5)
  4 orc priests
  2 bullfrog skeletons
  A centaur skeleton (D:6)
  3 orc wizards
  An iguana (D:4)
  5 worker ants
  A killer bee zombie (D:5)
  7 gnolls
  11 adders
  An ooze (D:1)
  2 adder skeletons
  6 worms
  2 dart slugs (D:1)
  3 leopard geckos
  25 orcs
  6 bats
  5 giant cockroaches
  8 goblins
  6 hobgoblins
  2 jackals (D:2)
  7 kobolds
  2 quokkas
  6 ball pythons
  4 frilled lizards
  A leopard gecko zombie (D:5)
  5 rats
139 creatures vanquished.

Notes
Turn   | Place    | Note
-------+----------+-------------------------------------------
     0 | D:1      | Lizzreth the Demonspawn Fighter began the quest for the Orb.
     0 | D:1      | Reached XP level 1. HP: 18/18 MP: 1/1
   134 | D:1      | Reached skill level 2 in Long Blades
   213 | D:1      | Gained mutation: You have sharp fingernails. [demonic ancestry]
   213 | D:1      | Reached XP level 2. HP: 24/24 MP: 2/2
   458 | D:1      | Reached skill level 3 in Long Blades
   580 | D:1      | Gained mutation: You have very sharp fingernails. [demonic ancestry]
   580 | D:1      | Reached XP level 3. HP: 29/29 MP: 3/3
  1171 | D:2      | Gained mutation: You have a pair of small horns on your head. [demonic ancestry]
  1171 | D:2      | Reached XP level 4. HP: 16/35 MP: 4/4
  1180 | D:2      | Reached skill level 4 in Long Blades
  1392 | D:2      | Found an ancient bone altar of Kikubaaqudgha.
  1497 | D:2      | Found an iron altar of Okawaru.
  1663 | D:3      | Gained mutation: You have large cloven feet. [demonic ancestry]
  1663 | D:3      | Reached XP level 5. HP: 27/41 MP: 5/5
  1977 | D:3      | Noticed a human
  1978 | D:3      | Found a runed door.
  1982 | D:3      | Found a basalt altar of Yredelemnul.
  2005 | D:3      | Killed a human
  2005 | D:3      | Reached skill level 5 in Long Blades
  2005 | D:3      | Gained mutation: You are immune to rotting. [demonic ancestry]
  2005 | D:3      | Reached XP level 6. HP: 39/47 MP: 6/6
  2058 | D:3      | Became a worshipper of Yredelemnul the Dark
  2132 | D:3      | Reached skill level 6 in Long Blades
  2886 | D:4      | Reached XP level 7. HP: 36/52 MP: 7/7
  2898 | D:4      | Reached skill level 7 in Long Blades
  3014 | D:4      | Found a staircase to the Ecumenical Temple.
  3202 | D:5      | Entered Level 5 of the Dungeon
  3204 | D:5      | Found Waotteik's Gadget Shop.
  3267 | D:5      | Reached * piety under Yredelemnul
  3461 | D:5      | Found a blossoming altar of Fedhas.
  3487 | D:5      | Got a fine chain mail
  3488 | D:5      | Identified the +6 chain mail "Yxzuxkia" {Str+4 Stlth+} (You found it on level 5 of the Dungeon)
  3656 | D:5      | Reached skill level 8 in Long Blades
  4364 | D:6      | Noticed Lizzreth's ghost (novice MiGl)
  4384 | D:6      | Killed Lizzreth's ghost
  4384 | D:6      | Reached skill level 9 in Long Blades
  4384 | D:6      | Gained mutation: You sometimes gain a little power by taking damage. [demonic ancestry]
  4384 | D:6      | Reached XP level 8. HP: 24/58 MP: 8/8
  4924 | D:6      | Reached skill level 10 in Long Blades
  5371 | D:6      | Reached ** piety under Yredelemnul
  5550 | D:6      | HP: 2/58 [orc warrior/dire flail of holy wrath (7)]
  5550 | D:6      | Slain by a gnoll

Skill      XL: |  1  2  3  4  5  6  7  8 |
---------------+-------------------------+-----
Long Blades    | 2 3 4 5 6 9 10 | 10.6
Fighting       | |  3.0
Armour         | |  2.7
Shields        | |  2.6

Action                   |  1- 3 |  4- 6 |  7- 9 || total
-------------------------+-------+-------+-------++-------
Melee: Long sword        |   124 |    58 |       ||   182
       Headbutt          |       |    39 |    93 ||   132
       Falchion          |       |    92 |   317 ||   409
       Kick              |       |    32 |   143 ||   175
  Use: Scroll            |     5 |     2 |     5 ||    12
       Potion            |     3 |     1 |     1 ||     5
 Stab: Distracted        |       |     1 |       ||     1
  Eat: Chunk             |     1 |     5 |     5 ||    11
       Bread ration      |       |       |     1 ||     1
Armor: Scale mail        |    56 |    73 |    26 ||   155
       Chain mail        |       |       |   179 ||   179
Dodge: Dodged            |    67 |    56 |   128 ||   251
Block: Other             |     8 |     6 |    20 ||    34
       Reflection        |     1 |       |       ||     1
       Rpst.: Long sword |    30 |     5 |       ||    35
       Falchion          |       |    10 |    39 ||    49
